 Dungeon Crawl Stone Soup version 0.27.1-3-gb3d3a73c9e (webtiles) character file.

Game seed: 3734997728229046808

294 horus123 the Slasher (level 6, -3/48 HPs)
             Began as a Human Monk on Oct 27, 2021.
             Was a Priest of Zin.
             Slain by Pikel (5 damage)
             ... on level 4 of the Dungeon.
             The game lasted 00:17:38 (5162 turns).

horus123 the Slasher (Human Monk)                   Turns: 5162, Time: 00:17:39

Health: -3/48      AC:  2    Str: 12    XL:     6   Next: 60%
Magic:  8/8        EV: 14    Int: 11    God:    Zin [***...]
Gold:   133        SH:  5    Dex: 19    Spells: 8/8 levels left

rFire    . . .     SeeInvis .   a - +0 falchion
rCold    . . .     Faith    .   (no shield)
rNeg     . . .     Spirit   .   b - +0 robe
rPois    ∞         Reflect  +   (no helmet)
rElec    .         Harm     .   (no cloak)
rCorr    .         Rampage  .   (no gloves)
Will     +....                  (no boots)
Stlth    ++........             g - amulet of reflection
HPRegen  0.16/turn              e - ring of willpower
MPRegen  0.11/turn              (no ring)

@: vitalised, on recite cooldown
A: no striking features
a: Renounce Religion, Recite, Vitalisation, Imprison, Donate Gold


You were on level 4 of the Dungeon.
You worshipped Zin.
Zin was most pleased with you.
You visited 1 branch of the dungeon, and saw 4 of its levels.

You collected 147 gold pieces.
You donated 14 gold pieces to Zin.

Inventory:

Hand Weapons
 a - a +0 falchion (weapon)
 h - a +2 dagger of freezing
Armour
 b - a +0 robe (worn)
Jewellery
 e - a ring of willpower (left hand)
 g - an amulet of reflection (around neck)
Wands
 c - a wand of flame (11)
 f - a wand of paralysis (1)
Potions
 d - a potion of brilliance


   Skills:
 + Level 3.7 Fighting
 + Level 4.4 Long Blades
 * Level 4.1 Dodging
 - Level 2.5 Stealth
 * Level 1.5 Spellcasting
 * Level 2.3 Invocations
 - Level 0.8 Evocations


You had 8 spell levels left.
You didn't know any spells.
Your spell library was empty.

Dungeon Overview and Level Annotations

Branches:
Dungeon (4/15)
 Temple: D:4-7

Altars:
Makhleb
Zin

Shops:
D:1 *

Annotations:
D:4 Pikel


Message History

Press: ? - help, Shift-Dir - straight line, f/p - Pikel
Aim: Pikel, wielding a +1 whip of freezing and wearing a +0 robe (lightly wounded, dazed, chance to affect: 49%) Pikel resists with some effort.
Pikel is lost in a daze.
Aiming: Throw Flame
Press: ? - help, Shift-Dir - straight line, f/p - Pikel
Aim: Pikel, wielding a +1 whip of freezing and wearing a +0 robe (lightly wounded, dazed, 60% to hit)
The puff of flame hits Pikel!
Pikel is moderately wounded.
Aiming: Paralyse
Press: ? - help, Shift-Dir - straight line, f/p - Pikel
Aim: Pikel, wielding a +1 whip of freezing and wearing a +0 robe (moderately wounded, dazed, chance to affect: 49%) Pikel resists with some effort.
Aiming: Throw Flame
Press: ? - help, Shift-Dir - straight line, f/p - Pikel
Aim: Pikel, wielding a +1 whip of freezing and wearing a +0 robe (moderately wounded, dazed, 60% to hit)
The puff of flame misses Pikel.
The puff of flame misses the lemure.
You are ready to recite again.
Pikel is lost in a daze.
You are too injured to fight recklessly!
Non-targeted abil: Recite
Press: ? - help, Q - select action, (/) - cycle Dir - look around, f - activate Look: Pikel, wielding a +1 whip of freezing and wearing a +0 robe (moderately wounded, dazed)
You clear your throat and prepare to recite. "Zin hath not damned the agents of filth, but it is they..."
Pikel is dazed by your recitation.
Pikel shouts!
The lemure is dazed by your recitation.
You hear a shout! x2
Pikel closely misses you.
The lemure is lost in a daze. "...that have damned themselves for their uncleanliness, for..."
The lemure barely misses you. "...did Zin not decree that to be unclean was wrong?"
You finish reciting Abominations 23:11.
Pikel hits you with a +1 whip of freezing.
* * * LOW HITPOINT WARNING * * *
Pikel freezes you.
* * * LOW HITPOINT WARNING * * *
The lemure barely misses you.
Pikel hits you with a +1 whip of freezing.
You die...

.....#'######....#,,#.......###..
.....'....>.'....#,,#.......#....
.....#......#....#,,#.......#....
.....#..#####....####.......##'##
.....#,.#*#......................
#....#,,,,#......................
#....#,,,∩#......................
+....#,,,,#......5...............
#....#****######@#......#########
*,,,,* #...5K#......#........
****** #.....#......#........
,,,,,* #.(...#......#........
,,,,,* #.....#......'........
,,,,,* ##.....#......#........
**+*** #...####......#'####.##
*,,,** ####.K#######.....##.##
,,,,,* #...)...(<'.....#..#.


You could see Pikel (dazed) and 2 lemures.

Vanquished Creatures
  A water moccasin skeleton (D:4)
  A centaur skeleton (D:3)
  2 orc priests (D:3)
  Ijyb (D:4)
  A gnoll (D:1)
  5 adders
  A dart slug (D:2)
  A worm (D:2)
  4 orcs
  7 ball pythons
  3 endoplasms
  8 giant cockroaches
  5 goblins
  2 hobgoblins
  3 jackals (D:2)
  2 quokkas
  7 bats
  9 frilled lizards
  10 kobolds
  3 rats (D:1)
76 creatures vanquished.

Vanquished Creatures (collateral kills)
  An orc (D:4)
1 creature vanquished.

Grand Total: 77 creatures vanquished

Notes
Turn   | Place    | Note
-------+----------+-------------------------------------------
     0 | D:1      | horus123 the Human Monk began the quest for the Orb.
     0 | D:1      | Reached XP level 1. HP: 18/18 MP: 1/1
   260 | D:1      | Reached XP level 2. HP: 24/24 MP: 2/2
   269 | D:1      | Found Baoj's Assorted Antiques.
   452 | D:1      | Found a faded altar of an unknown god.
   458 | D:1      | Became a worshipper of Zin the Law-Giver
   458 | D:1      | Reached * piety under Zin
   458 | D:1      | Reached ** piety under Zin
   483 | D:1      | Reached *** piety under Zin
   654 | D:1      | Reached XP level 3. HP: 9/29 MP: 3/3
  1423 | D:2      | Reached skill level 1 in Invocations
  1423 | D:2      | Reached XP level 4. HP: 30/35 MP: 4/4
  1838 | D:2      | Found a burning altar of Makhleb.
  2631 | D:3      | Reached XP level 5. HP: 6/41 MP: 4/6
  3117 | D:3      | Reached skill level 1 in Spellcasting
  3595 | D:4      | Reached XP level 6. HP: 47/47 MP: 7/7
  3682 | D:4      | Zin protects you from harm!
  3685 | D:4      | HP: 2/45 [orc (2)]
  4518 | D:4      | Noticed Ijyb
  4549 | D:4      | Killed Ijyb
  4865 | D:4      | Noticed Pikel
  5160 | D:4      | HP: 2/48 [Pikel (1)]
  5162 | D:4      | Slain by Pikel

Illustrated notes

Levels and vault maps discovered:
D:1:      scummos_arrival_hexagon, layout_loops_ring,
          shapermc_ecumenical_altar_petra, serial_shops, shop
D:2:      layout_loops_cross, basic_altar, minivault_25
D:3:      layout_rooms
D:4:      layout_gridville, serial_shops, shop, uniq_pikel, uniq_ijyb

Skill      XL: |  1  2  3  4  5  6 |
---------------+-------------------+-----
Invocations    | 1 2 |  2.3
Long Blades    | 4 |  4.4
Spellcasting   | 1 |  1.5
Dodging        | 4 |  4.1
Fighting       | |  3.7
Stealth        | |  2.5
Evocations     | |  0.8

Action                   |  1- 3 |  4- 6 || total
-------------------------+-------+-------++-------
Melee: Falchion          |    74 |   186 ||   260
Invok: Recite            |     1 |     9 ||    10
       Vitalisation      |       |     2 ||     2
Evoke: Wand              |       |    13 ||    13
  Use: Potion            |       |     6 ||     6
       Scroll            |       |    11 ||    11
 Stab: Sleeping          |     4 |     6 ||    10
       Confused          |     1 |       ||     1
       Paralysed         |       |     9 ||     9
       Invisible         |       |     4 ||     4
Armor: Robe              |    19 |    28 ||    47
Dodge: Dodged            |    66 |   140 ||   206
Block: Other             |       |    54 ||    54
       Reflection        |       |     2 ||     2
       Rpst.: Falchion   |    21 |    35 ||    56
